 Dungeon Crawl Stone Soup version 0.29.0-4-gdea44cf6ec (webtiles) character file.

Game seed: 4554825661889717845

28 qw the Chopper (level 3, -8/21 HPs)
             Began as a Tengu Warper on Aug 28, 2022.
             Killed from afar by Sigmund (11 damage)
             ... with a puff of flame
             ... on level 2 of the Dungeon.
             The game lasted 00:00:06 (1093 turns).

qw the Chopper (Tengu Warper)                       Turns: 1093, Time: 00:00:07

Health: -8/21      AC:  3    Str: 13    XL:     3   Next: 14%
Magic:  7/7        EV: 12    Int: 13    God:
Gold:   17         SH:  0    Dex: 13    Spells: 6/6 levels left

rFire   . . .      SeeInvis .   Y - +0 hand axe
rCold   . . .      Faith    .   (no shield)
rNeg    . . .      Spirit   .   b - +0 leather armour
rPois   .          Reflect  .   (helmet restricted)
rElec   .          Harm     .   (no cloak)
rCorr   .          Rampage  .   (no gloves)
Will    .....                   (boots unavailable)
Stlth   +.........              (no amulet)
HPRegen 0.07/turn               (no ring)
MPRegen 0.10/turn               (no ring)

@: no status effects
A: beak, talons 3
a: no special abilities


You were on level 2 of the Dungeon.
You visited 1 branch of the dungeon, and saw 2 of its levels.

You collected 107 gold pieces.
You spent 90 gold pieces at shops.


Innate Abilities, Weirdness & Mutations

You have a beak for a mouth.
You have claws for feet.


   Skills:
 - Level 2.0 Fighting
 + Level 3.9 Axes
 - Level 1.0 Throwing
 - Level 1.1 Armour
 - Level 2.1 Dodging
 - Level 2.0 Spellcasting
 - Level 2.4 Translocations


You had 6 spell levels left.
You didn't know any spells.
Your spell library contained the following spells:

 Spells                   Type           Power      Damage    Failure   Level
 Blink                    Tloc           14%        N/A       19%         2
 Gell's Gravitas          Tloc           7%         N/A       36%         3
 Lesser Beckoning         Tloc           7%         N/A       36%         3
 Teleport Other           Tloc           7%         N/A       36%         3
 Manifold Assault         Tloc           7%         N/A       98%         5

Inventory:

Hand Weapons
 k - a +0 whip
 Y - a +0 hand axe (weapon)
Armour
 b - a +0 leather armour (worn)
 c - a +0 ring mail
Scrolls
 a - 2 scrolls of identify
 d - a scroll of enchant armour
 e - a scroll of teleportation {unknown}
 g - a scroll of noise {unknown}
Potions
 f - a potion of mutation {unknown}
 h - a potion of curing {unknown}
 i - a potion of heal wounds {unknown}
 j - a potion of ambrosia {unknown}
 l - a potion of degeneration {unknown}
 m - a potion of haste {unknown}
 n - a potion of might {unknown}

Dungeon Overview and Level Annotations

Branches:
Dungeon (2/15)

Altars:

Shops:
D:2 ?

Annotations:
D:2 Sigmund


Message History

You open the door.
There is an open door here.
n - a red potion
There is an open door here.
You open the door.
A ball python and Sigmund come into view.
982 ||| Stepping ~*~*~tactically~*~*~ (hiding).
You start waiting.
Done waiting.
Sigmund shouts!
The ball python hisses angrily.
Sigmund hits you from afar with a +0 scythe.
There is an open door, spattered with blood here.
The ball python barely misses you. x2
You hit Sigmund.
Sigmund is lightly wounded.
You hit the ball python.
You kill the ball python!
Sigmund hits you with a +0 scythe.
You hit Sigmund but do no damage.
Sigmund is lightly wounded.
Sigmund hits you with a +0 scythe!
You barely miss Sigmund. You claw Sigmund. You peck Sigmund.
Sigmund is lightly wounded.
You hit Sigmund. You claw Sigmund. You peck Sigmund.
Sigmund is severely wounded.
Sigmund closely misses you.
You closely miss Sigmund. Your kick misses Sigmund.
Sigmund is severely wounded.
Sigmund closely misses you.
You hit Sigmund but do no damage.
Sigmund is severely wounded.
Sigmund hits you but does no damage.
You hit Sigmund but do no damage.
Sigmund is severely wounded.
You barely miss Sigmund. You claw Sigmund.
Sigmund is severely wounded.
Sigmund gestures at you while chanting. The puff of flame hits you!
Ouch! That really hurt!
You die...

#### #.....
#..#####....)
#..#..##...#.
.#+####+####%#.......#.
................##.....
....................##.
#...............###....
#+####'####'#..# ####
#.@...#..#..# #
#@%...#..#..#
#.....####..# #.....#
#### +.....+ #+###+#


You could see Sigmund.

Vanquished Creatures
  2 bats
  An endoplasm (D:1)
  2 giant cockroaches (D:1)
  A goblin (D:1)
  3 hobgoblins (D:1)
  3 jackals (D:1)
  4 kobolds
  A quokka (D:1)
  5 ball pythons
  2 rats (D:1)
24 creatures vanquished.

Notes
Turn   | Place    | Note
-------+----------+-------------------------------------------
     0 | D:1      | qw the Tengu Warper began the quest for the Orb.
     0 | D:1      | Reached XP level 1. HP: 12/12 MP: 4/4
     0 | D:1      | 0 ||| qw: Version: 0.1-a-89-g26bdef1
     0 | D:1      | 0 ||| qw: Game counter: 777
     0 | D:1      | 0 ||| qw: Always use a shield: true
     0 | D:1      | 0 ||| qw: God list: Okawaru
     0 | D:1      | 0 ||| qw: Allow faded altars: false
     0 | D:1      | 0 ||| qw: Do Orc after D:15 true
     0 | D:1      | 0 ||| qw: Do second Lair branch before Depths: true
     0 | D:1      | 0 ||| qw: Lair rune preference: random
     0 | D:1      | 0 ||| qw: Plans: Normal
     0 | D:1      | 0 ||| PLANNING D:1-11
   132 | D:1      | Found a faded altar of an unknown god.
   198 | D:1      | Reached XP level 2. HP: 17/17 MP: 6/6
   219 | D:1      | Reached skill level 3 in Axes
   729 | D:1      | 729 ||| READING 3 scrolls labelled FUV YLAX ENIOMI.
   730 | D:1      | 730 ||| READING 2 scrolls of identify.
   730 | D:1      | 730 ||| IDENTIFYING viscous cyan potion
   731 | D:1      | 731 ||| DROPPING scroll of blinking.
   732 | D:1      | 732 ||| DROPPING potion of brilliance.
   765 | D:2      | Found Alaeps's Magic Scroll Shop.
   780 | D:2      | 780 ||| BUYING scroll of enchant armour (90 gold).
   780 | D:2      | Bought a scroll of enchant armour for 90 gold pieces
   780 | D:2      | 780 ||| SHOPLISTING scroll of enchant weapon (90 gold, have
                  | 5).
   780 | D:2      | 780 ||| SHOPLISTING scroll of identify (24 gold, have 5).
   780 | D:2      | 780 ||| SHOPLISTING scroll of teleportation (36 gold, have
                  | 5).
   809 | D:2      | Reached XP level 3. HP: 21/21 MP: 7/7
   868 | D:2      | 868 ||| DROPPING +0 club.
   916 | D:2      | 916 ||| Stepping ~*~*~tactically~*~*~ (stealth).
   981 | D:2      | Noticed Sigmund
   982 | D:2      | 982 ||| Stepping ~*~*~tactically~*~*~ (hiding).
  1087 | D:2      | HP: 2/21 [Sigmund/+0 scythe (10)]
  1093 | D:2      | Killed from afar by Sigmund

Levels and vault maps discovered:
D:1:      minmay_arrival_cross, layout_loops_ring,
          hellmonk_ecumenical_altar_lost_god
D:2:      minmay_alternating_diamond, layout_rooms, serial_shops,
          nicolae_shop_advertising_works [nicolae_subvault_shop_adworks],
          minmay_snake_closets, uniq_sigmund

Skill      XL: |  1  2 |
---------------+-------+-----
Axes           | 3 |  3.9
Fighting       | |  2.0
Throwing       | |  1.0
Armour         | |  1.1
Dodging        | |  2.1
Spellcasting   | |  2.0
Translocations | |  2.4

Action                   || total
-------------------------++-------
Melee: Hand axe          ||    62
       Kick              ||    18
       Peck              ||     8
       Punch             ||     1
Throw: Boomerang         ||     7
  Use: Scroll            ||     2
Armor: Leather armour    ||    18
Dodge: Dodged            ||    35

Table legend:
 A = Non-vault XP
 B = Vault XP
 C = Vault XP percentage of total XP
 D = Non-vault monster count
 E = Vault monster count
 F = Vault count percentage of total count
                 A         B        C        D         E       F
            +---------+---------+-------+---------+---------+-------
      Total |      39 |       2 |   4.9 |      22 |       2 |   8.3
            +---------+---------+-------+---------+---------+-------
        D:1 |      31 |       0 |   0.0 |      17 |       0 |   0.0
        D:2 |       8 |       2 |  20.0 |       5 |       2 |  28.6
            +---------+---------+-------+---------+---------+-------
